 Dungeon Crawl Stone Soup version 0.31-a0-431-g88bdf31460 (webtiles) character file.

Game seed: 13672375738957541081

1770201 motkuripss the Marksgnoll (level 27, 220/220 HPs)
             Began as a Gnoll Hunter on July 30, 2023.
             Was the Champion of Cheibriados.
             Escaped with the Orb
             ... and 3 runes on July 31, 2023!
             The game lasted 05:23:27 (60374 turns).

motkuripss the Marksgnoll (Gnoll Hunter)           Turns: 60374, Time: 05:23:28

Health: 220/220    AC: 38    Str: 26    XL:     27
Magic:  48/50      EV: 38    Int: 28    God:    Cheibriados [******]
Gold:   6707       SH: 42    Dex: 43    Spells: 1/62 levels left

rFire   + + +        E - +2 hand crossbow (freeze)
rCold   + . .        y - +8 tower shield
rNeg    + . .        D - +8 fire dragon scales {Xtahua}
rPois   .            k - +3 hat of Pondering {ponderous, Will+ MP+10 Int+5}
rElec   +            d - +2 cloak {Will+}
rCorr   .            K - +3 pair of gauntlets of War {Slay+5}
SInv    +            g - +2 pair of boots
Will    ++++.        B - amulet of reflection
Stlth   +++          Y - ring of the Jumping Gods {Drain Fly rElec rC+++ Stlth+}
HPRegen 0.56/turn    m - ring "Ufuicwo" {rF+ rC- rN+ SInv}
MPRegen 0.32/turn

%: reflection
@: flying, studying Fire Magic, very slow
A: fangs 1, strong nose, distributed training, dopey 1, low MP 1, subdued magic
1, sturdy frame 1
0: Orb of Zot
}: 3/15 runes: decaying, silver, gossamer
a: Renounce Religion, Bend Time, Temporal Distortion, Slouch, Step From Time


You escaped.
You worshipped Cheibriados.
Cheibriados was exalted by your worship.
You visited 9 branches of the dungeon, and saw 45 of its levels.
You also visited: Trove, Sewer, Bailey, Gauntlet, Ice Cave, Wizlab and Desolation.

You collected 8045 gold pieces.
You spent 1338 gold pieces at shops.

Inventory:

Hand Weapons
 b - a +9 demon blade of freezing
 E - a +2 hand crossbow of freezing (weapon)
 W - a +7 vampiric broad axe
Missiles
 c - 14 silver javelins
Armour
 d - a +2 cloak of willpower (worn)
 g - a +2 pair of boots (worn)
 k - the +3 hat of Pondering (worn) {ponderous, Will+ MP+10 Int+5}
   (You took it off Gastronok on level 11 of the Dungeon)

   Int:       It affects your intelligence (+5).
   MP:        It affects your magic capacity (+10).
   Will:      It increases your willpower.
 y - a +8 tower shield (worn)
 D - +8 fire dragon scales (worn) {Xtahua}
 K - the +3 pair of gauntlets of War (worn) {Slay+5}
   (You found it on level 12 of the Dungeon)

   Slay:      It affects your accuracy & damage with ranged weapons and melee
   (+5).
 M - a scarf of resistance
 S - the +4 plate armour "Qitetu Qoed" {+Blink rPois Regen+}
   (You found it on level 3 of the Swamp)

   rPois:     It protects you from poison.
   +Blink:    It lets you blink.
   Regen:     It increases your rate of health regeneration.
 Z - the +2 helmet "Oxodaf" {rElec rF- rN+ Regen+}
   (You found it on level 3 of the Depths)

   rF:        It makes you vulnerable to fire.
   rElec:     It insulates you from electricity.
   rN:        It protects you from negative energy.
   Regen:     It increases your rate of health regeneration.
Jewellery
 m - the ring "Ufuicwo" (right hand) {rF+ rC- rN+ SInv}
   (You found it in a treasure trove)

   [ring of protection from fire]

   rF:        It protects you from fire.
   rC:        It makes you vulnerable to cold.
   rN:        It protects you from negative energy.
   SInv:      It lets you see invisible.
 o - the ring "Vatwul" {Contam rC+ Will+ SInv}
   (You took it off a ragged hierophant in the Desolation of Salt)

   [ring of see invisible]

   rC:        It protects you from cold.
   SInv:      It lets you see invisible.
   Contam:    It causes magical contamination when unequipped.
   Will:      It increases your willpower.
 u - a +5 ring of evasion
 B - an amulet of reflection (around neck)
 Q - the amulet of Kilienur {rElec Regen+ Stlth+}
   (You found it in a wizard's laboratory)

   [amulet of regeneration]

   rElec:     It insulates you from electricity.
   Regen:     It increases your rate of health regeneration.
   Stlth:     It makes you more stealthy.
 R - a ring of poison resistance
 Y - the ring of the Jumping Gods (left hand) {Drain Fly rElec rC+++ Stlth+}
   (You found it in a treasure trove)

   [ring of flight]

   rC:        It renders you almost immune to cold.
   rElec:     It insulates you from electricity.
   Fly:       It grants you flight.
   Drain:     It drains your maximum health when unequipped.
   Stlth:     It makes you more stealthy.
Wands
 e - a wand of iceblast (29)
 t - a wand of mindburst (22)
 I - a wand of light (7)
 N - a wand of charming (25)
 T - a wand of digging (25)
Scrolls
 i - 3 scrolls of amnesia
 j - 15 scrolls of teleportation
 l - 10 scrolls of fog
 n - 7 scrolls of fear
 G - 2 scrolls of enchant armour
 O - 3 scrolls of brand weapon
 X - 2 scrolls of revelation
Potions
 f - 4 potions of attraction
 h - 6 potions of mutation
 q - 7 potions of invisibility
 r - 12 potions of curing
 s - 6 potions of enlightenment
 v - 9 potions of might
 w - 9 potions of brilliance
 x - 3 potions of heal wounds
 A - 4 potions of resistance
 H - 3 potions of cancellation
 J - 3 potions of berserk rage
 L - 4 potions of magic
 U - 21 potions of ambrosia
Miscellaneous
 a - a lightning rod (1/4)
 z - a phial of floods (inert)
 C - a sack of spiders (inert)
 P - a phantom mirror (inert)


   Skills:
 + Level 18.9 Fighting
 + Level 18.4 Short Blades
 + Level 18.4 Long Blades
 + Level 18.4 Axes
 + Level 18.4 Maces & Flails
 + Level 18.4 Polearms
 + Level 18.4 Staves
 + Level 20.0 Ranged Weapons
 + Level 18.4 Throwing
 + Level 18.4 Armour
 + Level 18.9 Dodging
 + Level 18.6 Stealth
 + Level 18.4 Shields
 + Level 18.4 Unarmed Combat
 + Level 18.4 Spellcasting
 + Level 15.7 Conjurations
 + Level 15.7 Hexes
 + Level 15.7 Summonings
 + Level 15.7 Necromancy
 + Level 15.7 Translocations
 + Level 15.7 Transmutations
 + Level 19.2 Fire Magic
 + Level 15.7 Ice Magic
 + Level 15.7 Air Magic
 + Level 15.7 Earth Magic
 + Level 15.7 Poison Magic
 + Level 20.0 Invocations
 + Level 18.4 Evocations
 + Level 15.7 Shapeshifting


You had one spell level left.
You knew the following spells:

 Your Spells              Type           Power      Damage    Failure   Level
a - Death Channel         Necr           36%        N/A       1%          6
b - Silence               Hex/Air        36%        N/A       1%          5
c - Passage of Golubria   Tloc           73%        N/A       1%          4
d - Dispel Undead         Necr           73%        3d24      1%          4
e - Haunt                 Necr/Summ      36%        N/A       4%          7
f - Summon Lightning Spi  Summ/Air       73%        N/A       1%          4
g - Summon Forest         Summ/Tloc      36%        N/A       1%          5
h - Irradiate             Conj/Tmut      36%        3d23      1%          5
i - Wereblood             Tmut           73%        N/A       0%          2
j - Freezing Cloud        Conj/Ice/Air   36%        6-21      1%          5
k - Vhi's Electric Charg  Tloc/Air       100%       N/A       0%          3
l - Borgnjor's Vile Clut  Necr/Erth      36%        N/A       1%          5
m - Starburst             Conj/Fire      38%        6d11      1%          6

Your spell library contained the following spells:

 Spells                   Type           Power      Damage    Failure   Level
 Apportation              Tloc           100%       N/A       0%          1
 Foxfire                  Conj/Fire      100%       2x1d9     0%          1
 Freeze                   Ice            100%       1d10      0%          1
 Kiss of Death            Conj/Necr      100%       2d13      0%          1
 Magic Dart               Conj           100%       1d8       0%          1
 Necrotise                Necr           100%       1d9       0%          1
 Shock                    Conj/Air       100%       1d9       0%          1
 Slow                     Hex            100%       N/A       0%          1
 Summon Small Mammal      Summ           100%       N/A       0%          1
 Call Imp                 Summ           100%       N/A       0%          2
 Ensorcelled Hibernation  Hex/Ice        100%       N/A       0%          2
 Poisonous Vapours        Pois/Air       100%       N/A       0%          2
 Static Discharge         Conj/Air       100%       2-7/arc   0%          2
 Sublimation of Blood     Necr           73%        N/A       0%          2
 Confusing Touch          Hex            73%        N/A       0%          3
 Dazzling Flash           Conj/Hex       100%       N/A       0%          3
 Frozen Ramparts          Ice            100%       1d16      0%          3
 Hailstorm                Conj/Ice       73%        3d15      0%          3
 Ignite Poison            Fire/Tmut/Pois 75%        N/A       0%          3
 Inner Flame              Hex/Fire       76%        N/A       0%          3
 Mephitic Cloud           Conj/Pois/Air  73%        N/A       0%          3
 Portal Projectile        Hex/Tloc       100%       N/A       0%          3
 Swiftness                Air            73%        N/A       0%          3
 Teleport Other           Tloc           73%        N/A       0%          3
 Tukima's Dance           Hex            73%        N/A       0%          3
 Vampiric Draining        Necr           73%        2d11      0%          3
 Volatile Blastmotes      Fire/Tloc      100%       2d18      0%          3
 Airstrike                Air            36%        2d(6-22)  1%          4
 Anguish                  Hex/Necr       36%        N/A       1%          4
 Animate Dead             Necr           73%        N/A       1%          4
 Cause Fear               Hex            36%        N/A       1%          4
 Flame Wave               Conj/Fire      76%        2d17      1%          4
 Iskenderun's Mystic Bla  Conj/Tloc      73%        2d15      1%          4
 Petrify                  Tmut/Erth      73%        N/A       1%          4
 Sticky Flame             Conj/Fire      76%        2d9       1%          4
 Summon Ice Beast         Ice/Summ       73%        N/A       1%          4
 Agony                    Necr           73%        N/A       1%          5
 Alistair's Intoxication  Tmut/Pois      48%        N/A       1%          5
 Arcjolt                  Conj/Air       36%        1d46      1%          5
 Fireball                 Conj/Fire      38%        3d16      1%          5
 Iskenderun's Battlesphe  Conj           73%        2d12      1%          5
 Metabolic Englaciation   Hex/Ice        36%        N/A       1%          5
 Summon Mana Viper        Hex/Summ       73%        N/A       1%          5
 Yara's Violent Unravell  Hex/Tmut       36%        3d15      1%          5
 Conjure Ball Lightning   Conj/Air       36%        3x3d12    1%          6
 Plasma Beam              Fire/Air       38%        2x1d51    1%          6
 Simulacrum               Ice/Necr       36%        N/A       1%          6
 Summon Cactus Giant      Summ           36%        N/A       1%          6
 Enfeeble                 Hex            36%        N/A       4%          7
 Malign Gateway           Summ/Tloc      36%        N/A       4%          7
 Orb of Destruction       Conj           36%        9d11      4%          7
 Ozocubu's Refrigeration  Ice            36%        4d15      4%          7
 Ignition                 Fire           40%        3d12      10%         8
 Borgnjor's Revivificati  Necr           36%        N/A       38%         8
 Discord                  Hex            36%        N/A       38%         8
 Disjunction              Tloc           36%        N/A       38%         8
 Lehudib's Crystal Spear  Conj/Erth      36%        10d9      38%         8
 Maxwell's Capacitive Co  Air            36%        ∞         38%         8
 Death's Door             Necr           36%        N/A       100%        9
 Dragon's Call            Summ           36%        N/A       100%        9
 Polar Vortex             Ice            36%        12d4*     100%        9


Dungeon Overview and Level Annotations

Branches:
Dungeon (15/15)            Temple (1/1) D:4            Lair (5/5) D:9
  Swamp (4/4) Lair:3       Spider (4/4) Lair:2        Slime (0/5) Lair:4
    Orc (2/2) D:10            Elf (0/3) Orc:2        Vaults (5/5) D:13
  Crypt (0/3) Vaults:2     Depths (4/4) D:15            Zot (5/5) Depths:4
  Sewer (visited)          Bailey (visited)           IceCv (visited)
 WizLab (visited)         Desolation (visited)      Gauntlet (visited)

Altars:
Ashenzari
Cheibriados
Dithmenos
Elyvilon
Fedhas
Gozag
Hepliaklqana
Kikubaaqudgha
Makhleb
Nemelex Xobeh
Okawaru
Qazlal
Ru
Sif Muna
Trog
Uskayaw
Vehumet
Wu Jian
Xom
Yredelemnul
Zin
The Shining One
Jiyva

Shops:
D:1 (   D:5 =   D:6 [   D:7 (   Orc:2 ([(:   Vaults:1 (   Vaults:4 (

Portals:
Hell: Depths:1 Depths:2 Depths:3 Depths:4
Abyss: Depths:3 Depths:4
Pandemonium: Depths:2 Depths:3
Ziggurat: Depths:3

Annotations:
D:3 exclusion: 2 downstairs, Grinder, Ijyb
D:5 exclusion: lemure, Pikel
D:6 exclusion: downstairs
Depths:3 exclusion: downstairs
Depths:4 5 runed translucent doors
Zot:2 1 exclusion
Zot:3 1 transporter, 1 exclusion
Zot:4 1 exclusion


Innate Abilities, Weirdness & Mutations

You have very sharp teeth.
Your uncanny sense of smell can sniff out nearby items.
Your experience applies equally to all skills.
You are dopey. (Int -2)
Your magical capacity is low. (-10% MP)
Your spells are a little easier to cast, but a little less powerful.
Your movements are slightly less encumbered by armour. (ER -2)


Message History

(Z) Zot
Where to? (Enter - D:1, ? - help)
There is a stone staircase leading up here.
You fly upwards.
There is a stone staircase leading down here.
There is an open door here.
There is a stone staircase leading up here.
You fly upwards.
There is a stone staircase leading down here.
(D) Dungeon (T) Temple (L) Lair (S) Swamp (N) Spider Nest (M) Slime Pits (O) Orcish Mines (E) Elven Halls (V) Vaults (C) Crypt (U) Depths (H) Hell (Z) Zot
Where to? (Enter - D:1, ? - help) You're already here!
You shoot a bolt. The hobgoblin shouts!
The bolt hits the hobgoblin!!
The bolt freezes the hobgoblin.
You kill the hobgoblin!
Cheibriados thoroughly appreciates the change of pace.
A Brimstone Fiend comes into view.
A Brimstone Fiend is nearby!
Casting: Dispel Undead (safe; 1% risk of failure)
Confirm with . or Enter, or press ? or * to list all spells.
Okay, then.
Casting: Dispel Undead (safe; 1% risk of failure)
Confirm with . or Enter, or press ? or * to list all spells.
Aiming: Haunt (dangerous; 4% risk of failure)
Press: ? - help, Dir - move target, f - Brimstone Fiend
Aim: a Brimstone Fiend (wandering, hasn't noticed you) Insubstantial figures form in the air.
The Brimstone Fiend barely misses your phantasmal warrior.
The Brimstone Fiend hits your phantasmal warrior but does no damage. x2
Unknown command.
Casting: Haunt (dangerous; 4% risk of failure)
Confirm with . or Enter, or press ? or * to list all spells.
Okay, then.
As you read the scroll of fog, it dissolves into smoke.
There is a staircase leading out of the dungeon here.
You have escaped!

....##...............#.........##
.#...#...####§§...##.......###...
.#.#........#§##########....#####
.#......###.§§§§.# #.##.# #
##..###..##§§###.#######.##.## #
....####...§##~#.#~##....##..## #
.##..#####.##~♣~.~P~##........###
.###.##.WW.#~♣8♣.P8P~###.........
.# #.##1##.##~♣.@.P~####.###....#
## #.#W>##.##~.....~##...# ####..
# ##...###.#~P8...8P~#..## ##.
###....# #.##~.....~##..# #.
##..#.####..##~#.#~##...# ##
........###..###.###....#
##.###..# ##.###.##.....## #..#
#######.##...)......#
#.########...............#


There were no monsters in sight!

Vanquished Creatures
  2 pandemonium lords
  3 dread liches (Zot:5)
  2 ancient liches (Zot:5)
  4 orbs of fire
  A juggernaut (Depths:4)
  Boris (Vaults:5)
  3 curse toes (Zot:5)
  5 golden dragons
  2 Killer Klowns (Zot:5)
  3 caustic shrikes (Depths:4)
  Xtahua (Vaults:4)
  Jory (Vaults:5)
  A bone dragon (Depths:4)
  2 electric golems
  Arachne (Spider:3)
  A hellephant (Depths:3)
  Rupert (D:15)
  2 Ice Fiends
  9 tentacled monstrosities
  Mlioglotl (Swamp:4)
  27 Orb Guardians
  3 quicksilver dragons
  Asterion (Depths:2)
  2 liches
  3 titans (Vaults:5)
  An acid blob (Zot:5)
  2 ancient champions (WizLab)
  3 sphinxes (Vaults:5)
  Kirke (Swamp:4)
  8 storm dragons
  8 death cobs
  6 tengu reavers
  Gastronok (D:11)
  7 shadow dragons (Vaults:5)
  A thorn hunter (Swamp:4)
  4 draconian monks
  Aizul (Spider:3)
  3 revenants
  Roxanne (Swamp:3)
  4 draconian knights
  7 fire giants
  The ghost of Vudadgh the Warrior, an adept HuWr of Hepliaklqana (Swamp:1)
  A deep elf sorcerer (Vaults:5)
  5 ghost moths
  An iron dragon (Vaults:4)
  6 draconian shifters
  8 frost giants
  9 emperor scorpions
  6 draconian scorchers
  16 vault wardens
  A spectral caustic shrike (WizLab)
  Louise (Spider:3)
  The ghost of floatRand the Brawler, a journeyman DrSh of Wu Jian (Swamp:1)
  A balrug (Depths:2)
  An imperial myrmidon (Desolation)
  28 ironbound preservers
  3 draconian stormcallers
  3 broodmothers
  A reaper (D:15)
  2 orc warlords
  10 ironbound thunderhulks
  A cacodemon (Zot:5)
  A draconian annihilator (Zot:2)
  18 stone giants
  A formless jellyfish (Vaults:4)
  2 war gargoyles
  14 very ugly things
  7 green draconians
  A deep elf annihilator (Vaults:5)
  5 eleionomae
  A minotaur (Gauntlet)
  A spectral titan (WizLab)
  A vampire knight (Depths:3)
  10 dire elephants
  A lorocyproca (D:15)
  7 halazid warlocks
  9 black draconians
  6 purple draconians
  6 yellow draconians
  A bunyip (Swamp:4)
  9 white draconians
  5 eidola (WizLab)
  8 red draconians
  2 green deaths (Swamp:4)
  2 spark wasps
  A deep elf death mage (Vaults:5)
  4 entropy weavers
  3 jiangshi
  12 ragged hierophants (Desolation)
  15 ettins
  A shambling mangrove (Swamp:4)
  4 deep elf high priests
  Josephine (Spider:1)
  12 yaktaur captains
  6 crystal guardians
  4 great orbs of eyes
  A spectral quicksilver dragon (WizLab)
  10 servants of whispers (Desolation)
  Fannar (D:11)
  18 hydras
  5 salamander tyrants (Depths:3)
  9 fire dragons
  9 peacekeepers
  11 ice dragons
  37 vault guards
  A spriggan air mage (Depths:1)
  A catoblepas (Lair:1)
  2 rakshasas (Depths:2)
  8 ironbound frosthearts
  4 ghost crabs
  9 centaur warriors
  2 radroaches
  A boulder beetle (D:15)
  2 ogre magi
  16 two-headed ogres
  11 deep troll shamans
  Erica (Lair:1)
  4 alligators
  An alligator (shapeshifter) (Vaults:5)
  12 death yaks
  13 deep troll earth magi
  2 vampire magi
  Urug (D:12)
  A tengu warrior (Depths:1)
  A thrashing horror (Swamp:4)
  8 demonic crawlers
  7 orc high priests
  5 spriggan berserkers
  2 sun demons
  13 hell knights
  Sonja (Lair:1)
  2 shadow wraiths (WizLab)
  A titan zombie (WizLab)
  A skyshark (shapeshifter) (Vaults:5)
  12 iron trolls
  3 sixfirhies
  18 skeletal warriors
  A skyshark (Lair:5)
  A soul eater (Gauntlet)
  4 pharaoh ants
  2 goliath frogs
  70 deep trolls
  2 sun moths
  A shadow demon (Depths:3)
  9 orb spiders
  6 glowing orange brains
  9 wizards
  5 bog bodies
  2 spriggan druids (Swamp:1)
  A wolf spider zombie (WizLab)
  8 phantasmal warriors
  16 ironbound convokers
  An orange crystal statue (Zot:5)
  2 deep elf pyromancers
  8 steelbarb worms
  13 orc knights
  2 flayed ghosts (WizLab)
  10 swamp dragons
  6 harpies
  8 lindwurms
  A manticore (D:13)
  6 necromancers
  An oklob plant (Lair:1)
  3 will-o-the-wisps
  55 ugly things
  16 wolf spiders
  A shining eye (Gauntlet)
  A spectral spriggan (WizLab)
  5 orc sorcerers
  Joseph (Lair:1)
  6 black mambas
  14 moths of wrath
  5 cyclopes
  17 elephants
  Maurice (D:12)
  3 guardian serpents
  23 vault sentinels
  2 rust devils
  3 smoke demons
  A gargoyle (D:11)
  12 cane toads
  11 torpor snails
  Maggie (D:9)
  3 orange demons
  8 rime drakes
  2 freezing wraiths
  4 kobold demonologists
  6 komodo dragons
  4 unseen horrors
  19 yaktaurs
  A guardian mummy (D:11)
  A harpy zombie (WizLab)
  A tengu conjurer (Depths:1)
  A red devil (Depths:3)
  A yaktaur skeleton (Vaults:2)
  2 ice devils (Depths:2)
  9 trolls
  7 meliai
  24 tarantellas
  A queen bee (D:14)
  13 polar bears
  A wolf spider simulacrum (D:15)
  2 bloated husks
  4 blink frogs (Lair:1)
  63 saltlings
  A spriggan zombie (WizLab)
  2 raiju (Lair:5)
  13 tyrant leeches
  Prince Ribbit (Lair:1)
  4 hellwings
  A dream sheep (Lair:5)
  23 hornets
  A deep troll zombie (Vaults:2)
  41 slime creatures
  19 spriggans
  8 flying skulls (WizLab)
  7 shadows
  35 jumping spiders
  Sigmund (D:4)
  26 culicivoras
  A dire elephant simulacrum (IceCv)
  An elf zombie (Vaults:2)
  The ghost of FlatIsJustice the Trooper, an amateur NaFi (D:4)
  2 wyverns
  2 golden eyes (Gauntlet)
  5 wraiths
  A vampire (D:12)
  47 yaks
  Grum (D:10)
  A human (shapeshifter) (D:15)
  8 basilisks
  A human (Swamp:4)
  48 redbacks
  4 vampire mosquitoes
  6 chaos spawn
  A steam dragon (D:8)
  10 swamp worms
  7 water moccasins
  17 wargs
  3 small abominations (Depths:4)
  2 acid dragons
  13 hell hounds (Lair:5)
  A swamp drake (Swamp:2)
  46 orc warriors
  An ice beast (D:8)
  12 black bears
  16 ogres
  12 centaurs
  19 wolves
  11 large abominations
  9 kobold brigands
  2 phantoms
  Blork the orc (D:6)
  A gnoll sergeant (D:8)
  16 bullfrogs
  2 human skeletons (Vaults:2)
  A cane toad simulacrum (IceCv)
  3 wights (D:8)
  An elephant simulacrum (IceCv)
  36 killer bees
  9 electric eels
  2 howler monkeys (D:14)
  3 lava snakes (Lair:1)
  A hound (D:5)
  2 quasits (Sewer)
  6 jellies
  Crazy Yiuf (D:3)
  30 orc priests
  4 sleepcaps
  A gnoll bouda (D:7)
  An iguana (D:5)
  Terence (D:3)
  23 orc wizards
  2 polar bear simulacra (IceCv)
  A nameless horror (Swamp:4)
  3 adders
  27 gnolls
  6 shadow imps
  4 ufetubi
  A worm (D:2)
  A dart slug (D:1)
  128 orcs
  9 ball pythons
  7 bats
  A bat zombie (Sewer)
  8 endoplasms
  7 giant cockroaches
  14 hobgoblins
  15 jackals
  11 quokkas
  2 frilled lizards
  18 goblins
  36 kobolds
  4 rats
  A snaplasher vine (Vaults:2)
2192 creatures vanquished.

Vanquished Creatures (collateral kills)
  4 dread liches (Zot:5)
  Mara (Swamp:4)
  A pandemonium lord (D:13)
  A Killer Klown (Zot:5)
  2 Orb Guardians (Zot:5)
  A death cob (Zot:5)
  2 shadow dragons
  A storm dragon (Zot:5)
  A draconian monk (Zot:3)
  A revenant (WizLab)
  2 fire giants
  2 vault wardens
  A draconian scorcher (Zot:3)
  A cacodemon (Zot:3)
  2 ironbound preservers
  2 very ugly things
  2 yellow draconians
  A green draconian (Zot:3)
  3 white draconians
  A spectral titan (WizLab)
  A dire elephant (Vaults:3)
  2 red draconians (Zot:5)
  A deep elf death mage (Vaults:2)
  An eidolon (WizLab)
  An ettin (Vaults:5)
  2 servants of whispers (Desolation)
  A salamander tyrant (Depths:3)
  An ogre mage (Vaults:5)
  2 hydras
  A ghost crab (Swamp:1)
  An ice dragon (Depths:2)
  A peacekeeper (Desolation)
  2 ironbound frosthearts
  An alligator snapping turtle (Zot:5)
  A centaur warrior (D:13)
  4 deep troll shamans
  A death drake (Zot:3)
  A goliath frog (Swamp:4)
  A spriggan druid (Swamp:1)
  An ironbound convoker (Vaults:2)
  3 deep trolls
  3 phantasmal warriors
  A flayed ghost (Depths:3)
  A wizard (D:10)
  A spectral wolf spider (WizLab)
  A necromancer (Vaults:5)
  A will-o-the-wisp (Swamp:4)
  An ugly thing (Depths:1)
  A moth of wrath (Zot:5)
  3 vault sentinels
  An orange demon (Depths:3)
  A yaktaur (Vaults:2)
  2 hornets
  2 bloated husks
  A tyrant leech (Swamp:4)
  9 saltlings (Desolation)
  2 flying skulls (WizLab)
  4 spriggans
  A fire bat (shapeshifter) (Depths:4)
  2 neqoxecs
  A chaos spawn (Depths:2)
  3 swamp worms
  A swamp drake (Swamp:1)
  2 ogres (Vaults:5)
  2 killer bees (D:8)
  2 orc priests
  3 gnolls (D:6)
114 creatures vanquished.

Vanquished Creatures (others)
  An Orb Guardian (Zot:3)
  A draconian knight (Zot:3)
  A fire giant (Depths:4)
  A fire dragon (Zot:3)
  A ragged hierophant (Desolation)
  A shadow wraith (WizLab)
  A spriggan druid (Swamp:3)
  An unseen horror (D:13)
  A bloated husk (Swamp:1)
  A saltling (Desolation)
  4 humans (Swamp:4)
  A vampire mosquito (Swamp:2)
  A scorpion (D:6)
  A killer bee (D:8)
  An orc priest (Orc:2)
  A gnoll bouda (D:6)
  An endoplasm (Sewer)
  10 foxfires
  3 snaplasher vines
  2 starspawn tentacles (Swamp:4)
35 creatures vanquished.

Grand Total: 2341 creatures vanquished

Notes
Turn   | Place    | Note
-------+----------+-------------------------------------------
     0 | D:1      | motkuripss the Gnoll Hunter began the quest for the Orb.
     0 | D:1      | Reached XP level 1. HP: 20/20 MP: 1/1
   123 | D:1      | Reached XP level 2. HP: 26/26 MP: 2/2
   172 | D:1      | Found Zuakaxke's Weapon Shop.
   317 | D:1      | Reached XP level 3. HP: 29/31 MP: 3/3
   545 | D:1      | Reached skill level 1 in Invocations
   691 | D:2      | Reached skill level 1 in Short Blades
   691 | D:2      | Reached skill level 1 in Long Blades
   691 | D:2      | Reached skill level 1 in Axes
   691 | D:2      | Reached skill level 1 in Maces & Flails
   691 | D:2      | Reached skill level 1 in Polearms
   691 | D:2      | Reached skill level 1 in Staves
   691 | D:2      | Reached skill level 1 in Throwing
   691 | D:2      | Reached skill level 1 in Armour
   691 | D:2      | Reached skill level 1 in Shields
   691 | D:2      | Reached skill level 1 in Unarmed Combat
   691 | D:2      | Reached skill level 1 in Spellcasting
   691 | D:2      | Reached skill level 1 in Evocations
   843 | D:2      | Reached XP level 4. HP: 38/38 MP: 5/5
  1406 | D:3      | Found a transporter.
  1468 | D:3      | Found a blossoming altar of Fedhas.
  1480 | D:3      | Found a shimmering blue altar of Sif Muna.
  1514 | D:3      | Noticed Ijyb
  1584 | D:3      | Reached skill level 1 in Conjurations
  1584 | D:3      | Reached skill level 1 in Hexes
  1584 | D:3      | Reached skill level 1 in Summonings
  1584 | D:3      | Reached skill level 1 in Necromancy
  1584 | D:3      | Reached skill level 1 in Translocations
  1584 | D:3      | Reached skill level 1 in Transmutations
  1584 | D:3      | Reached skill level 1 in Fire Magic
  1584 | D:3      | Reached skill level 1 in Ice Magic
  1584 | D:3      | Reached skill level 1 in Air Magic
  1584 | D:3      | Reached skill level 1 in Earth Magic
  1584 | D:3      | Reached skill level 1 in Poison Magic
  1584 | D:3      | Reached skill level 1 in Shapeshifting
  1618 | D:3      | Found a glowing drain.
  1654 | Sewer    | Entered a sewer
  1823 | Sewer    | Reached XP level 5. HP: 38/43 MP: 4/7
  2034 | Sewer    | Found a burning altar of Makhleb.
  2044 | Sewer    | Noticed a kobold brigand
  2055 | Sewer    | Killed a kobold brigand
  2056 | Sewer    | Reached skill level 5 in Fighting
  2056 | Sewer    | Reached skill level 5 in Dodging
  2056 | Sewer    | Reached XP level 6. HP: 45/51 MP: 8/8
  2267 | D:3      | Noticed Terence
  2281 | D:3      | Killed Terence
  2382 | D:3      | Found a transporter.
  2408 | D:3      | Noticed Grinder
  2574 | D:3      | Found a runed translucent door.
  2575 | D:3      | Noticed Crazy Yiuf
  3141 | D:4      | Found a runed translucent door.
  3165 | D:4      | Noticed FlatIsJustice's ghost (amateur NaFi)
  3298 | D:4      | Noticed an orc warrior
  3436 | D:4      | Noticed Sigmund
  3693 | D:3      | Reached XP level 7. HP: 56/56 MP: 10/10
  3795 | D:5      | Entered Level 5 of the Dungeon
  3813 | D:6      | Found Nyfoer's Antique Armour Emporium.
  4107 | D:5      | Found Alussuf's Jewellery Shoppe.
  4434 | D:5      | Noticed Pikel
  4627 | D:4      | Identified the +6 ring mail of Day {*Slow rCorr Dex+3}
  5319 | D:5      | Reached XP level 8. HP: 50/63 MP: 8/12
  6263 | D:6      | Noticed Blork the orc
  6270 | D:6      | Killed Blork the orc
  6518 | D:7      | Found Put Hiuts's Antique Weapon Shop.
  6585 | D:7      | Reached XP level 9. HP: 69/69 MP: 14/14
  6836 | D:7      | Identified the +3 helmet "Myodasoph" {Dex+2 Stlth+}
  7205 | D:8      | Noticed a hornet
  7213 | D:8      | Killed a hornet
  7278 | D:8      | Reached skill level 5 in Stealth
  7637 | D:8      | Reached skill level 5 in Invocations
  7723 | D:8      | Found a flagged portal.
  7733 | Bailey   | Entered a bailey
  9139 | D:8      | Reached XP level 10. HP: 74/77 MP: 15/17
  9218 | D:8      | Reached skill level 5 in Short Blades
  9218 | D:8      | Reached skill level 5 in Long Blades
  9218 | D:8      | Reached skill level 5 in Axes
  9218 | D:8      | Reached skill level 5 in Maces & Flails
  9218 | D:8      | Reached skill level 5 in Polearms
  9218 | D:8      | Reached skill level 5 in Staves
  9218 | D:8      | Reached skill level 5 in Throwing
  9218 | D:8      | Reached skill level 5 in Armour
  9218 | D:8      | Reached skill level 5 in Shields
  9218 | D:8      | Reached skill level 5 in Unarmed Combat
  9218 | D:8      | Reached skill level 5 in Spellcasting
  9218 | D:8      | Reached skill level 5 in Evocations
  9230 | D:8      | Reached skill level 10 in Ranged Weapons
  9307 | D:8      | Noticed a death yak
  9349 | D:8      | Reached skill level 5 in Conjurations
  9349 | D:8      | Reached skill level 5 in Hexes
  9349 | D:8      | Reached skill level 5 in Summonings
  9349 | D:8      | Reached skill level 5 in Necromancy
  9349 | D:8      | Reached skill level 5 in Translocations
  9349 | D:8      | Reached skill level 5 in Transmutations
  9349 | D:8      | Reached skill level 5 in Fire Magic
  9349 | D:8      | Reached skill level 5 in Ice Magic
  9349 | D:8      | Reached skill level 5 in Air Magic
  9349 | D:8      | Reached skill level 5 in Earth Magic
  9349 | D:8      | Reached skill level 5 in Poison Magic
  9349 | D:8      | Reached skill level 5 in Shapeshifting
  9349 | D:8      | Reached XP level 11. HP: 69/86 MP: 15/20
 10119 | D:9      | Noticed a death yak
 10124 | D:9      | Found a staircase to the Lair.
 10124 | D:9      | Noticed a death yak
 10455 | D:9      | Noticed Maggie
 10527 | D:9      | Learned a level 1 spell: Kiss of Death
 10556 | D:9      | Killed Maggie
 10938 | D:10     | Entered Level 10 of the Dungeon
 11436 | D:10     | Noticed Grum
 11438 | D:10     | Killed Grum
 11491 | D:10     | Found a staircase to the Orcish Mines.
 12413 | D:5      | Learned a level 1 spell: Summon Small Mammal
 12459 | D:6      | Bought a shiny helmet for 195 gold pieces
 12459 | D:6      | Bought a runed cloak for 195 gold pieces
 12603 | D:7      | Killed a death yak
 13026 | D:7      | Bought a bloodstained rapier for 189 gold pieces
 13026 | D:7      | Identified the +6 rapier "Teon" {chaos, Int+4} (You bought
                  | it in a shop on level 7 of the Dungeon)
 13142 | D:9      | Noticed a death yak
 13215 | D:10     | Found a runed translucent door.
 13216 | D:10     | Noticed a frost giant
 13623 | D:4      | Found a staircase to the Ecumenical Temple.
 13640 | D:4      | Killed Sigmund
 13644 | Temple   | Entered the Ecumenical Temple
 13775 | Temple   | Became a worshipper of Cheibriados the Contemplative
 13830 | D:4      | Killed FlatIsJustice's ghost
 14001 | D:3      | Killed Crazy Yiuf
 14252 | D:9      | Noticed a death yak
 14264 | D:9      | Killed a death yak
 14265 | D:9      | Reached XP level 12. HP: 71/94 MP: 15/22
 14270 | D:9      | Killed a death yak
 14271 | D:9      | Killed a death yak
 14295 | D:9      | Killed a death yak
 14648 | Lair:1   | Entered Level 1 of the Lair of Beasts
 14648 | Lair:1   | Noticed Erica
 14648 | Lair:1   | Noticed Sonja
 14652 | Lair:1   | Killed Sonja
 14746 | D:9      | HP: 4/94 [poisoned by a cane toad]
 14752 | D:9      | HP: 3/94 [poisoned by a cane toad]
 15042 | D:9      | Learned a level 3 spell: Confusing Touch
 15062 | Lair:1   | Killed Erica
 15099 | Lair:1   | Found a frozen archway.
 15109 | Lair:1   | Reached * piety under Cheibriados
 15127 | Lair:1   | Identified the +0 ring mail of Incorporation {rCorr Int-3
                  | Dex+4}
 15146 | IceCv    | Entered an ice cave
 15299 | IceCv    | Learned a level 4 spell: Dispel Undead
 15303 | IceCv    | Learned a level 3 spell: Vampiric Draining
 15695 | Lair:1   | Noticed a catoblepas
 15722 | Lair:1   | Killed a catoblepas
 15884 | Lair:1   | Noticed Prince Ribbit
 16036 | Lair:1   | Killed Prince Ribbit
 16316 | Lair:1   | Noticed Joseph
 16330 | Lair:1   | Killed Joseph
 16581 | Lair:1   | Reached XP level 13. HP: 75/101 MP: 25/25
 16836 | Lair:1   | Reached ** piety under Cheibriados
 18479 | Lair:2   | Found a hole to the Spider Nest.
 19063 | Lair:3   | Reached *** piety under Cheibriados
 19449 | Lair:3   | Found a staircase to the Swamp.
 19449 | Lair:3   | Noticed an eleionoma
 19458 | Lair:3   | Killed an eleionoma
 19902 | Lair:3   | Reached **** piety under Cheibriados
 19919 | Lair:3   | Reached skill level 10 in Fighting
 19919 | Lair:3   | Reached skill level 10 in Dodging
 20603 | Lair:4   | Identified the +3 flail of Annoyance {drain, rPois Will+}
 20692 | Lair:4   | Reached ***** piety under Cheibriados
 20693 | Lair:4   | Reached XP level 14. HP: 48/110 MP: 27/27
 21030 | Lair:4   | Reached skill level 10 in Invocations
 21429 | Lair:4   | Found a staircase to the Slime Pits.
 21431 | Lair:4   | Found a viscous altar of Jiyva.
 21644 | Lair:5   | Entered Level 5 of the Lair of Beasts
 21711 | Lair:5   | Found a gate leading to a gauntlet.
 21822 | Gauntlet | Entered a Gauntlet
 21822 | Gauntlet | Found a transporter.
 21822 | Gauntlet | Found a transporter.
 21822 | Gauntlet | Found a transporter.
 21822 | Gauntlet | Found a transporter.
 21851 | Gauntlet | Found a transporter.
 21865 | Gauntlet | Found a transporter.
 21867 | Gauntlet | Found a transporter.
 21875 | Gauntlet | Found a transporter.
 21896 | Gauntlet | Found a transporter.
 21918 | Gauntlet | Found a transporter.
 21918 | Gauntlet | Found a transporter.
 21934 | Gauntlet | Found a transporter.
 22165 | Gauntlet | Gained mutation: Your movements are slightly less
                  | encumbered by armour. (ER -2) [a shining eye]
 22251 | Gauntlet | Identified the ring of Ogheplea {rF+ Str+3}
 23190 | Lair:5   | Reached skill level 10 in Stealth
 23272 | Lair:5   | Reached ****** piety under Cheibriados
 23869 | Lair:5   | Found a runed translucent door.
 23942 | Lair:5   | Reached XP level 15. HP: 79/117 MP: 22/28
 23959 | Lair:5   | Reached skill level 10 in Short Blades
 23959 | Lair:5   | Reached skill level 10 in Long Blades
 23959 | Lair:5   | Reached skill level 10 in Axes
 23959 | Lair:5   | Reached skill level 10 in Maces & Flails
 23959 | Lair:5   | Reached skill level 10 in Polearms
 23959 | Lair:5   | Reached skill level 10 in Staves
 23959 | Lair:5   | Reached skill level 10 in Throwing
 23959 | Lair:5   | Reached skill level 10 in Armour
 23959 | Lair:5   | Reached skill level 10 in Shields
 23959 | Lair:5   | Reached skill level 10 in Unarmed Combat
 23959 | Lair:5   | Reached skill level 10 in Spellcasting
 23959 | Lair:5   | Reached skill level 10 in Evocations
 24826 | D:9      | Learned a level 4 spell: Summon Lightning Spire
 24832 | D:9      | Learned a level 5 spell: Summon Forest
 25050 | D:10     | Noticed a frost giant
 25076 | D:10     | Killed a frost giant
 25081 | D:10     | Killed a frost giant
 25213 | D:10     | Identified the +0 scale mail "Luopul" {*Corrode Int+5
                  | Dex+3}
 25305 | D:11     | Identified 2 scrolls of acquirement
 25357 | D:11     | Upgraded the game from 0.31-a0-426-g3a05650e59 to
                  | 0.31-a0-431-g88bdf31460
 25358 | D:11     | Acquired a +4 ring of protection
 25365 | D:11     | Acquired 863 gold pieces
 25399 | D:11     | Noticed Fannar
 25424 | D:11     | Killed Fannar
 25482 | D:11     | Found a portal to a secret trove of treasure.
 25523 | D:11     | You paid a toll of 4 scrolls of blinking to enter a
                  | treasure trove
 25524 | Trove    | Entered a treasure trove
 25528 | Trove    | Identified the ring of Zin's Displeasure {Drain rF- rN++
                  | Will++ Str+6}
 25547 | Trove    | Identified the ring of the Jumping Gods {Drain Fly rElec
                  | rC+++ Stlth+}
 25553 | Trove    | Identified the ring "Woinneomy" {*Slow rF+ rCorr Str+6}
 25560 | Trove    | Identified the ring "Ufuicwo" {rF+ rC- rN+ SInv}
 25562 | Trove    | Identified the ring "Ojaequpp" {rElec Will+ Str+6}
 25578 | Trove    | Identified the amulet of Lal Peosy {Spirit Contam Dex+7}
 25580 | Trove    | Identified the ring of Yxku {Fly rC+ Will- Dex+2}
 25586 | Trove    | Identified the ring of Amorality {rC+ Int+6}
 25840 | D:11     | Noticed Gastronok
 25855 | D:11     | Killed Gastronok
 26370 | D:12     | Found the +3 pair of gauntlets of War {Slay+5}
 26457 | D:12     | Noticed Maurice
 26464 | D:12     | Killed Maurice
 26736 | D:13     | Noticed Urug
 26752 | D:12     | Killed Urug
 27127 | D:13     | Found a gate to the Vaults.
 27936 | D:14     | Reached XP level 16. HP: 108/127 MP: 30/30
 28117 | D:14     | Found a hazy altar of Hepliaklqana.
 28327 | D:15     | Entered Level 15 of the Dungeon
 28465 | D:15     | Found a staircase to the Depths.
 28686 | D:15     | Noticed Rupert
 28693 | D:15     | Killed Rupert
 29441 | Orc:1    | Entered Level 1 of the Orcish Mines
 29576 | Orc:2    | Entered Level 2 of the Orcish Mines
 30068 | Orc:2    | Found Ymmeedac's Antique Weapon Emporium.
 30082 | Orc:2    | Bought a jewelled broad axe for 252 gold pieces
 30082 | Orc:2    | Identified the +6 broad axe of Wock {heavy, Stlth+} (You
                  | bought it in a shop on level 2 of the Orcish Mines)
 30122 | Orc:2    | Found Rauror's Antique Armour Shoppe.
 30135 | Orc:2    | Bought a pair of glowing boots for 255 gold pieces
 30681 | Orc:2    | Found a staircase to the Elven Halls.
 31014 | Orc:2    | Found Lialaowula's Book Emporium.
 31214 | Orc:2    | Found Foczeovu's Weapon Shop.
 31562 | Orc:2    | Bought a book of Changes for 252 gold pieces
 31568 | Orc:2    | Learned a level 5 spell: Irradiate
 31571 | Orc:2    | Learned a level 2 spell: Wereblood
 31785 | Swamp:1  | Entered Level 1 of the Swamp
 31785 | Swamp:1  | Found a runed translucent gate.
 31785 | Swamp:1  | Found a runed translucent gate.
 31785 | Swamp:1  | Found a runed translucent gate.
 32030 | Depths:1 | Entered Level 1 of the Depths
 32124 | Depths:1 | Reached XP level 17. HP: 121/135 MP: 32/32
 32373 | Depths:1 | Reached skill level 10 in Conjurations
 32373 | Depths:1 | Reached skill level 10 in Hexes
 32373 | Depths:1 | Reached skill level 10 in Summonings
 32373 | Depths:1 | Reached skill level 10 in Necromancy
 32373 | Depths:1 | Reached skill level 10 in Translocations
 32373 | Depths:1 | Reached skill level 10 in Transmutations
 32373 | Depths:1 | Reached skill level 10 in Fire Magic
 32373 | Depths:1 | Reached skill level 10 in Ice Magic
 32373 | Depths:1 | Reached skill level 10 in Air Magic
 32373 | Depths:1 | Reached skill level 10 in Earth Magic
 32373 | Depths:1 | Reached skill level 10 in Poison Magic
 32373 | Depths:1 | Reached skill level 10 in Shapeshifting
 33007 | Depths:1 | Identified the staff of the Feather {rF+ Tmut Fire}
 33107 | Depths:1 | Learned a level 5 spell: Freezing Cloud
 33179 | Depths:1 | Found a gateway to Hell.
 33403 | Depths:2 | Identified the +1 triple crossbow of Egeh {heavy, rF++}
 33510 | Depths:2 | Noticed Asterion
 33523 | Depths:2 | Killed Asterion
 33555 | Depths:2 | Reached XP level 18. HP: 100/143 MP: 34/34
 33692 | Depths:2 | Identified the ring of Fatigue {Ice Str+7 Int-4 SInv}
 33862 | Depths:2 | Found a one-way gate leading to the halls of Pandemonium.
 34263 | Depths:2 | Reached skill level 15 in Ranged Weapons
 34672 | Depths:2 | Found a sparkling altar of Nemelex Xobeh.
 35076 | Depths:3 | Found a one-way gateway to a ziggurat.
 35119 | Depths:3 | Noticed a lich
 35125 | Depths:3 | Killed a lich
 35215 | Depths:4 | Entered Level 4 of the Depths
 35315 | Depths:3 | Noticed a hellephant
 35353 | Depths:3 | Killed a hellephant
 35409 | Depths:3 | Found the +7 great mace "Firestarter" {flame, immolate,
                  | rFlCloud rF++}
 35545 | Depths:3 | Identified the +2 helmet "Oxodaf" {rElec rF- rN+ Regen+}
 35887 | Depths:3 | Identified the +5 dagger of Awkwardness {flame, Int+2}
 36056 | Depths:3 | Identified the +2 helmet of the Many Friends {Str+5}
 36213 | Depths:3 | Found a white marble altar of Elyvilon.
 36239 | Depths:3 | Found a one-way gate to the infinite horrors of the Abyss.
 36312 | Depths:4 | Noticed a juggernaut
 36424 | Depths:4 | Noticed a lich
 36434 | Depths:4 | Killed a lich
 36435 | Depths:4 | Reached XP level 19. HP: 121/151 MP: 36/36
 36556 | Depths:4 | Found a shimmering altar of Xom.
 36557 | Depths:4 | Found a shimmering altar of Xom.
 36558 | Depths:4 | Found a shimmering altar of Xom.
 36559 | Depths:4 | Found a shimmering altar of Xom.
 36568 | Depths:4 | Found a shimmering altar of Xom.
 36890 | Depths:4 | Noticed a caustic shrike
 36891 | Depths:4 | Noticed a caustic shrike
 36893 | Depths:4 | Noticed a caustic shrike
 36897 | Depths:4 | Killed a caustic shrike
 36898 | Depths:4 | Killed a caustic shrike
 36898 | Depths:4 | Killed a caustic shrike
 37304 | Depths:4 | Killed a juggernaut
 37417 | D:15     | Learned a level 3 spell: Vhi's Electric Charge
 37663 | Swamp:1  | Noticed Vudadgh's ghost (adept HuWr)
 37669 | Swamp:1  | Noticed floatRand's ghost (journeyman DrSh)
 38518 | Swamp:1  | Identified the +1 ring mail of Hedging {rPois Will+ Regen+}
 39604 | Swamp:3  | Noticed Roxanne
 39616 | Swamp:3  | Killed Roxanne
 39635 | Swamp:3  | Identified the +4 plate armour "Qitetu Qoed" {+Blink rPois
                  | Regen+}
 39807 | Swamp:4  | Entered Level 4 of the Swamp
 39808 | Swamp:4  | Noticed Mlioglotl
 39820 | Swamp:4  | Killed Mlioglotl
 39821 | Swamp:4  | Reached XP level 20. HP: 158/160 MP: 34/37
 39962 | Swamp:4  | Noticed Mara
 39975 | Swamp:4  | Noticed motkuripss's illusion
 39980 | Swamp:4  | Killed Mara
 39981 | Swamp:4  | Reached skill level 15 in Invocations
 40289 | Swamp:4  | Noticed Kirke
 40298 | Swamp:4  | Killed Kirke
 40435 | Swamp:4  | Got a decaying rune of Zot
 41066 | Vaults:1 | Entered Level 1 of the Vaults
 41384 | Vaults:1 | Found Odwuphoh's Weapon Shoppe.
 41813 | Vaults:1 | Got the Incunable of Sinister Location
 41859 | Vaults:1 | Learned a level 5 spell: Borgnjor's Vile Clutch
 42133 | Vaults:1 | Reached skill level 15 in Fighting
 42133 | Vaults:1 | Reached skill level 15 in Dodging
 42321 | Vaults:2 | Found a crumbling gateway.
 42335 | Vaults:2 | Reached XP level 21. HP: 168/168 MP: 39/39
 42349 | Desolati | Entered the Desolation of Salt
 42534 | Desolati | Identified the +0 arbalest of Dithmenos {flame, rF+ rN+
                  | Int+3}
 42621 | Desolati | Got the Papyrus of Ceraunoscopy
 42625 | Desolati | Got Juseder's Atlas of the Cankerous Blizzard
 42708 | Desolati | Identified the ring "Vatwul" {Contam rC+ Will+ SInv}
 42725 | Desolati | Found the +5 Lochaber axe {reach-cleave, Poleaxe Drain}
 42790 | Desolati | Identified the ring "Wehefagg" {Ice Dex+6 SInv Stlth-}
 42811 | Desolati | Got the Discursus on Frost and Geometry
 42898 | Desolati | Got the Anthology of Attacks
 42988 | Desolati | Identified the +4 ring mail of the Beggar {rF+}
 43047 | Desolati | Identified the +0 battleaxe of the Evening {venom, Dex+6}
 43050 | Desolati | Identified the ring "Tuys" {Drain Str+6 Int+4 Dex+5}
 43057 | Desolati | Identified the +2 leather armour "Ysatsoi" {-Tele Fly rPois
                  | Int+3}
 43129 | Desolati | Got the Omnibus of Spectres
 43912 | Vaults:2 | Reached skill level 15 in Stealth
 44105 | Vaults:2 | Found a staircase to the Crypt.
 44661 | Vaults:3 | Reached skill level 15 in Short Blades
 44661 | Vaults:3 | Reached skill level 15 in Long Blades
 44661 | Vaults:3 | Reached skill level 15 in Axes
 44661 | Vaults:3 | Reached skill level 15 in Maces & Flails
 44661 | Vaults:3 | Reached skill level 15 in Polearms
 44661 | Vaults:3 | Reached skill level 15 in Staves
 44661 | Vaults:3 | Reached skill level 15 in Throwing
 44661 | Vaults:3 | Reached skill level 15 in Armour
 44661 | Vaults:3 | Reached skill level 15 in Shields
 44661 | Vaults:3 | Reached skill level 15 in Unarmed Combat
 44661 | Vaults:3 | Reached skill level 15 in Spellcasting
 44661 | Vaults:3 | Reached skill level 15 in Evocations
 44696 | Vaults:3 | Reached XP level 22. HP: 177/177 MP: 39/41
 44832 | Vaults:3 | Found a magical portal.
 44841 | WizLab   | Entered Borgnjor's Mausoleum
 45465 | WizLab   | Identified the amulet of Kilienur {rElec Regen+ Stlth+}
 45493 | WizLab   | Got the Meditations on Resurrection
 45997 | Vaults:3 | Reached skill level 15 in Fire Magic
 46897 | Vaults:4 | Reached XP level 23. HP: 184/184 MP: 38/42
 47027 | Vaults:4 | Found Doxzu's Weapon Emporium.
 47113 | Vaults:4 | Noticed Xtahua
 47119 | Vaults:4 | Killed Xtahua
 47451 | Vaults:4 | Identified the +5 hand axe "Histor" {heavy, rElec rF+ Will-
                  | Str+2}
 48051 | Swamp:1  | Killed Vudadgh's ghost
 48069 | Swamp:1  | Killed floatRand's ghost
 48093 | Swamp:1  | Identified the +5 orcbow of the Whale {freeze, Fragile
                  | Dex+6 Stlth+}
 48185 | Spider:1 | Entered Level 1 of the Spider Nest
 48558 | Spider:1 | Noticed Josephine
 48560 | Spider:1 | Killed Josephine
 48724 | Spider:1 | Identified the +2 pair of gloves of Follow the Leader
                  | {*Corrode Regen+ Str+2}
 48905 | Spider:2 | Identified the +8 long sword "Does" {freeze, rPois MP+9
                  | Str-3 Int+5}
 50154 | Spider:3 | Identified the +3 tower shield of Noanorpha {rN+}
 50154 | Spider:3 | Noticed Louise
 50164 | Spider:3 | Killed Louise
 50264 | Spider:3 | Noticed Aizul
 50270 | Spider:3 | Killed Aizul
 50399 | Spider:3 | Noticed Arachne
 50415 | Spider:3 | Killed Arachne
 51314 | Spider:4 | Entered Level 4 of the Spider Nest
 51443 | Spider:4 | Reached XP level 24. HP: 193/193 MP: 43/43
 52216 | Spider:4 | Got a gossamer rune of Zot
 53607 | Vaults:5 | Entered Level 5 of the Vaults
 53734 | Vaults:5 | Got a silver rune of Zot
 53945 | Vaults:5 | Noticed Jory
 53969 | Vaults:5 | Killed Jory
 54045 | Vaults:5 | Identified the +10 war axe of Accidental Termination
                  | {flame, Will- Dex+5}
 54164 | Vaults:5 | Reached XP level 25. HP: 199/200 MP: 44/44
 54247 | Vaults:5 | Noticed Boris
 54254 | Vaults:5 | Killed Boris
 55314 | Vaults:5 | Learned a level 6 spell: Death Channel
 55320 | Vaults:5 | Learned a level 5 spell: Silence
 56119 | Depths:4 | Found a runed translucent door.
 56153 | Depths:4 | Found a runed translucent door.
 56175 | Depths:4 | Found a runed translucent door.
 56182 | Depths:4 | Found a runed translucent door.
 56259 | Depths:4 | Found a gate to the Realm of Zot.
 56427 | Depths:4 | Found a runed translucent door.
 56447 | Depths:4 | Found a runed translucent door.
 56635 | Zot:1    | Entered Level 1 of the Realm of Zot
 56907 | Zot:2    | You are sucked into a shaft and drop 1 floor!
 56963 | Zot:3    | Noticed an orb of fire
 56975 | Zot:3    | Killed an orb of fire
 57067 | Zot:3    | Found a transporter.
 57268 | Zot:4    | Reached skill level 15 in Conjurations
 57268 | Zot:4    | Reached skill level 15 in Hexes
 57268 | Zot:4    | Reached skill level 15 in Summonings
 57268 | Zot:4    | Reached skill level 15 in Necromancy
 57268 | Zot:4    | Reached skill level 15 in Translocations
 57268 | Zot:4    | Reached skill level 15 in Transmutations
 57268 | Zot:4    | Reached skill level 15 in Ice Magic
 57268 | Zot:4    | Reached skill level 15 in Air Magic
 57268 | Zot:4    | Reached skill level 15 in Earth Magic
 57268 | Zot:4    | Reached skill level 15 in Poison Magic
 57268 | Zot:4    | Reached skill level 15 in Shapeshifting
 57336 | Zot:5    | Entered Level 5 of the Realm of Zot
 57750 | Zot:5    | Reached XP level 26. HP: 211/211 MP: 44/44
 57888 | Zot:5    | Noticed a dread lich
 57908 | Zot:5    | Killed a dread lich
 58172 | Zot:5    | Learned a level 7 spell: Haunt
 58178 | Zot:5    | Learned a level 4 spell: Passage of Golubria
 58231 | Zot:5    | Noticed a Killer Klown
 58235 | Zot:5    | Noticed a Killer Klown
 58235 | Zot:5    | Noticed a dread lich
 58239 | Zot:5    | Noticed a Killer Klown
 58244 | Zot:5    | Killed a dread lich
 58246 | Zot:5    | a Killer Klown changed into an alligator snapping turtle
 58249 | Zot:5    | a Killer Klown changed into an acid blob
 58254 | Zot:5    | Noticed a dread lich
 58259 | Zot:5    | Killed a dread lich
 58261 | Zot:5    | Killed a dread lich
 58267 | Zot:5    | Noticed an orb of fire
 58269 | Zot:5    | Noticed an orb of fire
 58284 | Zot:5    | Gained mutation: You are dopey. (Int -2) [an orb of fire]
 58287 | Zot:5    | Gained mutation: Your body sometimes deteriorates upon
                  | taking damage. [an orb of fire]
 58289 | Zot:5    | Killed an orb of fire
 58675 | Zot:5    | Noticed an ancient lich
 58675 | Zot:5    | Noticed a dread lich
 58678 | Zot:5    | Noticed a Killer Klown
 58682 | Zot:5    | Noticed an orb of fire
 58752 | Zot:5    | Gained mutation: Your spells are a little easier to cast,
                  | but a little less powerful. [an orb of fire]
 58754 | Zot:5    | Noticed an ancient lich
 58756 | Zot:5    | Gained mutation: Potions are less effective at restoring
                  | your health. [an orb of fire]
 58758 | Zot:5    | Killed an orb of fire
 58761 | Zot:5    | Killed an ancient lich
 58768 | Zot:5    | Gained mutation: You have hidden genetic defects. [an orb
                  | of fire]
 58769 | Zot:5    | Gained mutation: Your magical capacity is low. (-10% MP)
                  | [an orb of fire]
 58771 | Zot:5    | Killed an orb of fire
 58774 | Zot:5    | Lost mutation: Your body sometimes deteriorates upon taking
                  | damage. [potion of mutation]
 58774 | Zot:5    | Lost mutation: Your spells are a little easier to cast, but
                  | a little less powerful. [potion of mutation]
 58774 | Zot:5    | Gained mutation: Armour fits poorly on your strangely
                  | shaped body. [potion of mutation]
 58775 | Zot:5    | Lost mutation: Armour fits poorly on your strangely shaped
                  | body. [potion of mutation]
 58775 | Zot:5    | Lost mutation: Potions are less effective at restoring your
                  | health. [potion of mutation]
 58775 | Zot:5    | Lost mutation: You have hidden genetic defects. [potion of
                  | mutation]
 58775 | Zot:5    | Gained mutation: Your spells are a little easier to cast,
                  | but a little less powerful. [potion of mutation]
 58912 | Zot:5    | Noticed a Killer Klown
 58919 | Zot:5    | Killed a Killer Klown
 58929 | Zot:5    | Killed a Killer Klown
 59010 | Zot:5    | Killed a dread lich
 59020 | Zot:5    | Noticed a dread lich
 59024 | Zot:5    | Noticed a dread lich
 59040 | Zot:5    | Killed a dread lich
 59047 | Zot:5    | Killed a dread lich
 59067 | Zot:5    | Killed an ancient lich
 59084 | Zot:5    | Killed a Killer Klown
 59499 | Zot:5    | Learned a level 6 spell: Starburst
 59501 | Zot:5    | Got the Orb of Zot
 59540 | Zot:5    | Noticed Voaz the pandemonium lord
 59568 | Zot:5    | Killed Voaz the pandemonium lord
 59679 | Zot:2    | Reached XP level 27. HP: 82/220 MP: 17/40
 59992 | D:15     | Noticed Qupeocod the pandemonium lord
 59997 | D:15     | Killed Qupeocod the pandemonium lord
 60079 | D:13     | Noticed Uzof the pandemonium lord
 60095 | D:13     | Killed Uzof the pandemonium lord
 60374 | D:$      | Escaped with the Orb!

Illustrated notes

Levels and vault maps discovered:
D:1:      ldierk_walled_garden_2, layout_rooms, serial_shops,
          nicolae_shop_window_shopping, fountainhead, minmay_distorted
D:2:      wander_river, layout_basic
D:3:      gammafunk_steamed_eel, layout_basic,
          mainiacjoe_overflow_catwalk_spiral, portal_sewer_entry_f,
          uniq_crazy_yiuf_cottage, uniq_terence, uniq_ijyb, uniq_grinder
D:4:      layout_basic, minmay_temple_entry_large_hall, ebering_ghost_sewer_d,
          sigmund_army
D:5:      layout_loops_corners, serial_shops, nicolae_shop_advertising_works
          [nicolae_subvault_shop_adworks], serial_bayou_pond_e, uniq_pikel
D:6:      layout_basic, nicolae_stop_n_shop_1, uniq_blork_the_orc
D:7:      layout_gridville, serial_shops, nicolae_shop_behind_doors
D:8:      argonaut_augean_stables, layout_loops_ring, enter_bailey_3
D:9:      layout_roguey, dpeg_lair_monsters, uniq_maggie
D:10:     layout_basic, minmay_orc_entry_guard_dogs, minivault_13, uniq_grum
D:11:     layout_cave_pools, nicolae_trove_entry_path_of_doom, uniq_fannar,
          uniq_gastronok
D:12:     layout_rooms, serial_curves, eino_curves_01, eino_curves_04,
          uniq_maurice
D:13:     layout_big_octagon, david_vaults_1, uniq_urug
D:14:     layout_basic, nicolae_hepliaklqana_hippocampus, special_room
          [special_room_bee], minivault_1
D:15:     hellmonk_depths_entry_around_the_bend, layout_long_grid,
          minmay_misc_feat_columns, uniq_rupert
Temple:   mainiacjoe_temple_cubbyholes
Lair:1:   layout_regular_city, serial_rivers, chequers_serial_rivers_room_a,
          chequers_serial_rivers_large_a, chequers_serial_rivers_micro_b,
          chequers_serial_rivers_micro_c, chequers_serial_rivers_small_a,
          chequers_serial_rivers_micro_c, portal_ice_cave_entry_pillars_1,
          serial_bayou_ford_a, hangedman_lair_unloving_vines,
          nicolae_lair_liquid_snakes, uniq_joseph, uniq_erica,
          uniq_prince_ribbit2, uniq_sonja
Lair:2:   layout_regular_city, nicolae_spider_entry_orb_guardian,
          chequers_serial_rivers_room_a, serial_bayou_shore_a,
          grunt_megastairs_5
Lair:3:   layout_layer_cave, alex1729_swamp_entry_worm_eleionoma,
          columned_hall_lemuel
Lair:4:   layout_small_grid, nicolae_slime_entry_field_trip,
          grunt_forest_small_clearing_treed, infiniplex_staircase_pool,
          grunt_megastairs_2
Lair:5:   wormcave, layout_small_grid, hangedman_lair_caniforms_friends,
          gauntlet_entry_generic
Swamp:1:  layout_basic_swamp, gammafunk_ghost_cemetery,
          evilmike_swamp_ruin_house_6
Swamp:2:  layout_falls_marsh, evilmike_swamp_ruin_house_2
Swamp:3:  layout_falls_marsh, nicolae_swamp_long_stream,
          infiniplex_staircase_pool_2, uniq_roxanne
Swamp:4:  swamp_vile, layout_basic_swamp, swamp_pool5, water_boxes_lemuel,
          uniq_kirke, uniq_mlioglotl, uniq_mara
Spider:1: nicolae_spider_mines_3, uniq_josephine
Spider:2: layout_spider_delve
Spider:3: layout_chambers, uniq_arachne, uniq_aizul, uniq_louise
Spider:4: grunt_spider_rune_circles
Orc:1:    layout_caves
Orc:2:    pubby_orc_utopia
Vaults:1: v_alt_pattern_5, vaults_room_boxed, nicolae_vaults_frosty_reception,
          hangedman_vaults_hat, nicolae_vaults_apartment_2,
          ontoclasm_vaults_idyll, v_alt_pattern_2, nicolae_vaults_circle_grid_b,
          vaults_dpeg_encased_lava, v_rooms_1, ontoclasm_vaults_misaligned,
          layout_vaults_omnicross, serial_shops, nicolae_shop_crystal
Vaults:2: portal_desolation_entry_salt, nicolae_vaults_more_shelving_1,
          minmay_crypt_entry_simple_statues,
          nicolae_vaults_trapezoid_lopsided_2, vaults_mumra_hex,
          nicolae_vaults_off_center_swirl, nicolae_vaults_alarming,
          ontoclasm_vaults_chip, layout_vaults_omnigrid
Vaults:3: mu_enter_wizlab_4, nicolae_vaults_six-pack, v_misc_29,
          ontoclasm_vaults_idyll, vaults_room_semicircle,
          vaults_room_guarded_vault, v_alt_pattern_1,
          nicolae_vaults_storage_closets_1, v_misc_11, nicolae_vaults_rhombus_5,
          grunt_vaults_hallway_short, nicolae_vaults_oval_intersection,
          ontoclasm_vaults_claustrophobia, ontoclasm_vaults_decontamination,
          nicolae_vaults_spaceships, nicolae_vaults_trapezoid_1,
          layout_vaults_maze_snakey
Vaults:4: dpeg_vaults_monster_box, nicolae_vaults_mitosis,
          nicolae_vaults_offset_grid_hallway_1,
          vaults_room_grunt_arrival_checkpoint, hangedman_vaults_corner,
          vaults_mumra_minichess_inversion, v_alt_pattern_6,
          ontoclasm_vaults_twist, v_misc_16, nicolae_vaults_circle_grid_b,
          nicolae_vaults_offset_grid_hallway_1, layout_vaults_omnibox,
          uniq_margery, uniq_xtahua
Vaults:5: serial_shops, uniq_boris, uniq_jory
Depths:1: layout_basic, hangedman_tar_grid_catacomb, hangedman_decor_opposing,
          library_closet, amcnicky_mini_corridor_feature, minmay_pinched_square
Depths:2: evilmike_inaccessible_box, layout_basic, hangedman_coc_ice_floe,
          grunt_pan_entry_zigzag, nemelex_lonely_heart_becter, serial_sigils,
          serial_sigils_hangedman_stare, serial_sigils_hangedman_clutch,
          serial_sigils_hangedman_shear, infiniplex_staircase_zigzag_4,
          uniq_asterion
Depths:3: minmay_firetagon, layout_basic, enter_ziggurat_f,
          nicolae_elyvilon_peaceful_grove, grunt_pan_entry_in_and_out,
          hell_entry, marbit_kobold_abyss_entry
Depths:4: evilmike_zot_entry_castle, layout_small_grid, xom_redecorated,
          minmay_room_of_horrors, hell_entry
Zot:1:    layout_gridlike, st_single_dragon_hoard_1, nicolae_transporter_circle
Zot:2:    layout_twisted_circle, hellmonk_ghost_happy_afterlife
Zot:3:    gammafunk_dig_for_victory, layout_misc_corridors,
          st_large_dragon_hoard_1
Zot:4:    kennysheep_six_static_rooms, layout_gridlike, serial_nicolae_subway,
          nicolae_sub_station_metal, nicolae_sub_station_crystal,
          nicolae_sub_station_stone
Zot:5:    layout_misc_corridors

Skill      XL: |  1  2  3  4  5  6  7  8  9 10 11 12 13 14 15 16 17 18 19 20 21 22 23 24 25 26 27 |
---------------+----------------------------------------------------------------------------------+-----
Invocations    | 1 2 3 4 5 7 8 9 10 11 12 13 14 15 16 17 18 19 20 | 20.0
Short Blades   | 1 2 3 4 6 7 8 9 10 11 12 13 14 15 16 17 18 | 18.4
Long Blades    | 1 2 3 4 6 7 8 9 10 11 12 13 14 15 16 17 18 | 18.4
Axes           | 1 2 3 4 6 7 8 9 10 11 12 13 14 15 16 17 18 | 18.4
Maces & Flails | 1 2 3 4 6 7 8 9 10 11 12 13 14 15 16 17 18 | 18.4
Polearms       | 1 2 3 4 6 7 8 9 10 11 12 13 14 15 16 17 18 | 18.4
Staves         | 1 2 3 4 6 7 8 9 10 11 12 13 14 15 16 17 18 | 18.4
Throwing       | 1 2 3 4 6 7 8 9 10 11 12 13 14 15 16 17 18 | 18.4
Armour         | 1 2 3 4 6 7 8 9 10 11 12 13 14 15 16 17 18 | 18.4
Shields        | 1 2 3 4 6 7 8 9 10 11 12 13 14 15 16 17 18 | 18.4
Unarmed Combat | 1 2 3 4 6 7 8 9 10 11 12 13 14 15 16 17 18 | 18.4
Spellcasting   | 1 2 3 4 6 7 8 9 10 11 12 13 14 15 16 17 18 | 18.4
Evocations     | 1 2 3 4 6 7 8 9 10 11 12 13 14 15 16 17 18 | 18.4
Conjurations   | 1 2 3 4 5 6 7 8 9 10 11 12 13 14 15 | 15.7
Hexes          | 1 2 3 4 5 6 7 8 9 10 11 12 13 14 15 | 15.7
Summonings     | 1 2 3 4 5 6 7 8 9 10 11 12 13 14 15 | 15.7
Necromancy     | 1 2 3 4 5 6 7 8 9 10 11 12 13 14 15 | 15.7
Translocations | 1 2 3 4 5 6 7 8 9 10 11 12 13 14 15 | 15.7
Transmutations | 1 2 3 4 5 6 7 8 9 10 11 12 13 14 15 | 15.7
Fire Magic     | 1 2 3 4 5 6 7 8 9 10 11 12 13 14 15 16 17 18 19 | 19.2
Ice Magic      | 1 2 3 4 5 6 7 8 9 10 11 12 13 14 15 | 15.7
Air Magic      | 1 2 3 4 5 6 7 8 9 10 11 12 13 14 15 | 15.7
Earth Magic    | 1 2 3 4 5 6 7 8 9 10 11 12 13 14 15 | 15.7
Poison Magic   | 1 2 3 4 5 6 7 8 9 10 11 12 13 14 15 | 15.7
Shapeshifting  | 1 2 3 4 5 6 7 8 9 10 11 12 13 14 15 | 15.7
Fighting       | 5 6 7 8 9 10 11 12 13 14 15 16 17 18 | 18.9
Dodging        | 5 6 7 8 9 10 11 12 13 14 15 16 17 18 | 18.9
Stealth        | 3 4 5 6 7 8 9 10 11 12 13 14 15 16 17 18 | 18.6
Ranged Weapons | 9 10 11 12 13 14 15 16 17 18 19 20 | 20.0

Action                     |  1- 3 |  4- 6 |  7- 9 | 10-12 | 13-15 | 16-18 | 19-21 | 22-24 | 25-27 || total
---------------------------+-------+-------+-------+-------+-------+-------+-------+-------+-------++-------
  Melee: Dagger            |       |       |       |   248 |       |       |       |       |       ||   248
         War axe           |       |       |       |   120 |   289 |   132 |    10 |       |       ||   551
         Bite              |       |       |       |    78 |   213 |   197 |   184 |   177 |   153 ||  1002
         Orcbow            |       |       |       |     5 |       |       |       |       |       ||     5
         Punch             |       |       |       |     1 |       |       |       |       |       ||     1
         Demon blade       |       |       |       |   101 |   819 |   848 |   865 |   628 |   391 ||  3652
         Scimitar          |       |       |       |    25 |       |       |       |       |       ||    25
         Hand axe          |       |       |       |       |    28 |       |       |       |       ||    28
         Broad axe         |       |       |       |       |       |    79 |    92 |   170 |   212 ||   553
         Hand crossbow     |       |       |       |       |       |       |       |     1 |     1 ||     2
   Fire: Shortbow          |   105 |   278 |   152 |       |       |       |       |       |       ||   535
         Orcbow            |       |       |   316 |   148 |       |       |       |       |       ||   464
         Sling             |       |       |       |       |    84 |       |       |       |       ||    84
         Hand crossbow     |       |       |       |       |       |       |    50 |   464 |   264 ||   778
  Throw: Dart              |       |     8 |       |     8 |       |       |       |       |       ||    16
         Throwing net      |       |     1 |       |       |       |       |       |       |       ||     1
   Cast: Confusing Touch   |       |       |       |     1 |       |       |       |       |       ||     1
         Summon Lightning  |       |       |       |       |     6 |     8 |    26 |    17 |     4 ||    61
         Summon Forest     |       |       |       |       |     1 |     5 |    13 |     4 |     2 ||    25
         Freezing Cloud    |       |       |       |       |       |     6 |    58 |    53 |    29 ||   146
         Wereblood         |       |       |       |       |       |     3 |     3 |       |       ||     6
         Vhi's Electric Ch |       |       |       |       |       |       |    15 |    13 |    12 ||    40
         Borgnjor's Vile C |       |       |       |       |       |       |     1 |     3 |     4 ||     8
         Irradiate         |       |       |       |       |       |       |     1 |     7 |     3 ||    11
         Dispel Undead     |       |       |       |       |       |       |       |    20 |     4 ||    24
         Death Channel     |       |       |       |       |       |       |       |       |     3 ||     3
         Haunt             |       |       |       |       |       |       |       |       |    22 ||    22
         Passage of Golubr |       |       |       |       |       |       |       |       |     3 ||     3
         Starburst         |       |       |       |       |       |       |       |       |     1 ||     1
 Invoke: Bend Time         |       |       |       |     1 |       |       |       |       |     1 ||     2
         Slouch            |       |       |       |       |     4 |     7 |       |     4 |     4 ||    19
  Evoke: Wand              |       |     5 |    26 |    19 |     4 |     1 |       |       |     6 ||    61
         Lightning rod     |       |       |       |       |     8 |    12 |    10 |    11 |     6 ||    47
         Phantom mirror    |       |       |       |       |     1 |     2 |     1 |     1 |     4 ||     9
         Phial of floods   |       |       |       |       |       |     3 |       |     2 |     3 ||     8
    Use: Scroll            |       |     4 |     4 |    14 |    13 |     6 |    10 |    14 |    20 ||    85
         Potion            |       |     2 |     2 |     7 |     2 |     2 |       |     2 |    21 ||    38
   Stab: Sleeping          |       |       |       |    15 |     8 |    33 |    25 |     8 |       ||    89
         Invisible         |       |       |       |    10 |       |       |       |       |       ||    10
         Petrified         |       |       |       |     3 |       |       |       |       |       ||     3
         Distracted        |       |       |       |     2 |     6 |    16 |    21 |    17 |    18 ||    80
         Confused          |       |       |       |     1 |       |       |       |       |       ||     1
         Held in net/web   |       |       |       |       |       |       |       |     8 |       ||     8
 Armour: Leather armour    |     2 |    29 |       |       |       |       |       |       |       ||    31
         Skin              |       |   108 |       |       |       |       |       |       |       ||   108
         Ring mail         |       |     2 |    82 |    31 |       |       |    13 |       |       ||   128
         Steam dragon scal |       |       |       |   103 |    80 |       |       |       |       ||   183
         Plate armour      |       |       |       |       |   253 |       |   139 |   153 |       ||   545
         Scale mail        |       |       |       |       |    60 |   154 |    36 |       |       ||   250
         Fire dragon scale |       |       |       |       |       |       |       |    49 |   123 ||   172
  Dodge: Dodged            |    14 |    97 |   146 |   319 |   720 |   562 |   465 |   519 |   397 ||  3239
  Block: Kite shield       |       |       |       |   259 |  1032 |  1079 |   845 |   253 |       ||  3468
         Reflection        |       |       |       |       |    42 |    15 |    38 |    38 |    13 ||   146
         Tower shield      |       |       |       |       |       |       |       |  1331 |   966 ||  2297

Table legend: (Time is in decaauts)
 A = Elapsed time spent in this place.
 B = Non-inter-level travel time spent in this place.
 C = Inter-level travel time spent in this place.
 D = Time resting spent in this place.
 E = Time spent auto-exploring this place.
 F = Levels seen in this place.
 G = Mean time per level.
                   A        B        C        D        E       F      G
               +--------+--------+--------+--------+--------+-----+--------+
         Total |  88476 |  74935 |  13541 |   5012 |  46325 |  52 | 1701.5 |
       Dungeon |  24975 |  18721 |   6254 |   1426 |  11588 |  15 | 1665.0 |
        Temple |    154 |    139 |     15 |      0 |      0 |   1 |  154.0 |
          Lair |  13819 |  11340 |   2479 |   1352 |   7443 |   5 | 2763.8 |
         Swamp |   4770 |   4296 |    474 |      7 |   3010 |   4 | 1192.5 |
   Spider Nest |   7532 |   7016 |    516 |      0 |   5953 |   4 | 1883.0 |
  Orcish Mines |   3598 |   3235 |    363 |      0 |   2349 |   2 | 1799.0 |
        Vaults |  12506 |  10456 |   2050 |      7 |   7966 |   5 | 2501.2 |
        Depths |  10461 |   9127 |   1334 |    761 |   5112 |   4 | 2615.2 |
           Zot |   4533 |   4480 |     53 |    827 |   1078 |   5 |  906.6 |
         Trove |    473 |    473 |      0 |      0 |      6 |   1 |  473.0 |
         Sewer |    481 |    481 |      0 |     84 |    143 |   1 |  481.0 |
        Bailey |    824 |    824 |      0 |    144 |    234 |   1 |  824.0 |
      Ice Cave |    386 |    386 |      0 |    235 |      0 |   1 |  386.0 |
        Wizlab |   1088 |   1088 |      0 |     75 |    376 |   1 | 1088.0 |
    Desolation |   1891 |   1891 |      0 |      0 |    868 |   1 | 1891.0 |
      Gauntlet |    978 |    978 |      0 |     92 |    195 |   1 |  978.0 |
               +--------+--------+--------+--------+--------+-----+--------+

Top non-repeatable levels by time:
  Lair:5: 3803 daAuts
     D:9: 3403 daAuts
   Zot:5: 3285 daAuts
Depths:4: 3276 daAuts
   Orc:2: 2927 daAuts
    D:10: 2827 daAuts
Depths:2: 2822 daAuts
Vaults:3: 2808 daAuts
  Lair:3: 2761 daAuts
Vaults:5: 2669 daAuts
  Lair:1: 2639 daAuts
  Lair:2: 2613 daAuts
Vaults:1: 2602 daAuts
Depths:1: 2439 daAuts
Spider:2: 2425 daAuts
